 Dungeon Sprint DCSS version 0.20-a0-1124-g2e29d97 (webtiles) character file.

44014 potatolord6000 the Warrior (level 13, -12/124 HPs)
             Began as a Demonspawn Gladiator on May 16, 2017.
             Was an Initiate of Gozag.
             Killed from afar by a fire giant (42 damage)
             ... with a fireball
             ... in the Dungeon (Sprint IX: "|||||||||||||||||||||||||||||").
             The game lasted 00:11:31 (3691 turns).

potatolord6000 the Warrior (Demonspawn Gladiator)   Turns: 3691, Time: 00:11:32

Health: -12/124    AC: 32    Str: 23    XL:     13   Next: 93%
Magic:  13/13      EV: 23    Int:  9    God:    Gozag
Gold:   2237       SH:  0    Dex: 19    Spells: 12/12 levels left

rFire    . . .     SeeInvis .   h - +5 lajatang (elec)
rCold    . . .     Gourm    .   (shield currently unavailable)
rNeg     . . .     Faith    .   x - +4 chain mail of Vehumet {MR+ Dex+4}
rPois    .         Spirit   .   c - +1 helmet
rElec    .         Reflect  .   v - +2 cloak {+Inv}
rCorr    .         Harm     .   u - +2 pair of gloves {Str+3}
MR       +....     NoTele   +   (boots unavailable)
Stlth    ..........             (no amulet)
Regen    0.3/turn               b - +2 ring of evasion
MPRegen  0.2/turn               p - +2 ring of protection

@: gold aura, studying Ice Magic
A: talons 3, iridescent scales 1, nightstalker 1, powered by death 2
a: Potion Petition, Call Merchant, Bribe Branch, Renounce Religion, Evoke
Invisibility


You were in the Dungeon.
You worshipped Gozag.
Gozag was most pleased with you.
You were not hungry.

You visited 1 branch You collected 13236 gold pieces.
You spent 1837 gold pieces at shops.
You paid 9162 gold pieces to Gozag.

Inventory:

Hand Weapons
 h - a +5 lajatang of electrocution (weapon)
Armour
 c - a +1 helmet (worn)
 u - a +2 pair of gloves of strength (worn)
 v - a +2 cloak of invisibility (worn)
 x - the +4 chain mail of Vehumet (worn) {MR+ Dex+4}
   (You bought it in a shop in the Dungeon)

   It affects your dexterity (+4).
   It affects your resistance to hostile enchantments.
Jewellery
 b - a +2 ring of evasion (left hand)
 p - a +2 ring of protection (right hand)
Scrolls
 k - 4 scrolls of blinking
 l - 4 scrolls of remove curse
 m - 2 scrolls of amnesia
 q - 4 scrolls of identify
 r - 2 scrolls of fog
 s - a scroll of fear
Potions
 d - a potion of invisibility
 e - 3 potions of curing
 i - 4 potions of magic
 n - a potion of might
Books
 j - a manual of Ice Magic
Comestibles
 a - 40 fruits
 f - 12 bread rations
 w - 11 meat rations


   Skills:
 + Level 18.5 Fighting
 + Level 17.4 Staves
 - Level 1.7 Throwing
 + Level 17.2 Armour
 + Level 17.4 Dodging


You had 12 spell levels left.
You didn't know any spells.

Dungeon Overview and Level Annotations

Branches:
Dungeon (1/1)

Altars:
Cheibriados
Dithmenos
Elyvilon
Fedhas
Gozag
Hepliaklqana
Kikubaaqudgha
Makhleb
Nemelex Xobeh
Okawaru
Qazlal
Ru
Sif Muna
Trog
Uskayaw
Vehumet
Wu Jian
Xom
Yredelemnul
Zin
The Shining One
Beogh
Jiyva
Lugonu

Shops:
D [!}:![[[([:(


Innate Abilities, Weirdness & Mutations

You have claws for feet.
You are partially covered in iridescent scales. (AC +2)
You are slightly more attuned to the shadows.
You regenerate health from kills.


Message History

The bolt of fire misses the boggart.
Unknown command.
You slash the fire giant!
You claw the fire giant, but do no damage.
The fire giant is almost dead.
The boggart casts a spell.
The rat is distracted by the nearby gold.
The fire giant hits you with a great sword of flaming!
* * * LOW HITPOINT WARNING * * *
The fire giant burns you.
* * * LOW HITPOINT WARNING * * *
Unknown command.
You feel better.
The frost giant is distracted by the nearby gold.
The boggart mumbles some strange words.
The boggart blinks!
The fire giant gestures at you while chanting.
The fireball explodes!
The fireball engulfs you!
You die...
Your body crumbles into a pile of gold.

▓▓▓▓▓▓▓▓▓▓▓▓▓▓▓▓▓▓▓▓▓▓▓
.Ci.uC@$wr§$$$$........
▓▓▓▓▓▓▓▓▓▓▓▓▓▓▓▓▓▓▓▓▓▓▓▓▓▓▓▓▓▓▓▓▓
...........).....................
▓▓▓▓▓▓▓▓▓▓▓▓▓▓▓▓♣♣♣♣♣♣♣♣♣♣▓▓▓▓▓▓▓
().[(((...(....'.......).).......
▓▓▓▓▓▓▓▓▓▓▓▓▓▓▓▓♣♣♣♣♣♣♣♣♣♣▓▓▓▓▓▓▓
.................................
▓▓▓▓▓▓▓▓▓▓▓▓▓▓▓▓▓▓▓▓▓▓▓▓▓▓▓▓▓▓▓▓▓
.........[[[[[[[[.)))))))).=...'.


You could see a frost giant (unaware), a green very ugly thing, a fire giant, a
spriggan berserker, a dart slug and a rat.

Vanquished Creatures
  Frances (D)
  A thorn hunter (D)
  A nagaraja (D)
  2 fire giants (D)
  A ghost moth (D)
  A stone giant (D)
  3 very ugly things (D)
  A vampire knight (D)
  A merfolk impaler (D)
  A fire dragon (D)
  A rakshasa (D)
  3 hydras (D)
  2 centaur warriors (D)
  An ice dragon (D)
  A satyr (D)
  3 deep troll earth magi (D)
  A shock serpent (D)
  Nergalle (D)
  A naga sharpshooter (D)
  An orc high priest (D)
  A hell knight (D)
  3 unseen horrors (D)
  2 spriggan druids (D)
  2 sea snakes (D)
  A naga ritualist (D)
  A wolf spider (D)
  3 lindwurms (D)
  5 orc knights (D)
  A necromancer (D)
  2 cyclopes (D)
  A manticore (D)
  A merfolk siren (D)
  3 black mambas (D)
  2 naga magi (D)
  2 spiny frogs (D)
  2 komodo dragons (D)
  A troll (D)
  3 jumping spiders (D)
  A hornet (D)
  A jumping spider (shapeshifter) (D)
  A merfolk (D)
  2 slime creatures (D)
  5 tyrant leeches (D)
  A blink frog (D)
  A hippogriff (D)
  A wraith (D)
  2 redbacks (D)
  A spriggan (D)
  2 tarantellas (D)
  A wyvern (D)
  3 yaks (D)
  A basilisk (D)
  An acid dragon (D)
  4 water moccasins (D)
  3 porcupines (D)
  3 swamp drakes (D)
  12 orc warriors (D)
  2 ice beasts (D)
  A sky beast (D)
  A phantom (D)
  A boggart (D)
  2 crocodiles (D)
  2 bullfrogs (D)
  A crimson imp (D)
  4 orc priests (D)
  2 orc wizards (D)
  A worker ant (D)
  2 adders (D)
  An ooze (D)
  An adder skeleton (D)
  A leopard gecko (D)
  14 orcs (D)
  2 giant cockroaches (D)
  A hobgoblin (D)
  2 jackals (D)
  2 bats (D)
153 creatures vanquished.

Notes
Turn   | Place    | Note
-------+----------+-------------------------------------------
     0 | D        | potatolord6000 the Demonspawn Gladiator began the quest for the Orb.
     0 | D        | Reached XP level 1. HP: 16/16 MP: 1/1
    10 | D        | Reached skill level 1 in Armour
    12 | D        | Gained mutation: You have sharp toenails. [demonic ancestry]
    12 | D        | Reached XP level 2. HP: 22/23 MP: 2/2
    19 | D        | Noticed a crimson imp
    33 | D        | Killed a crimson imp
    33 | D        | Reached skill level 3 in Fighting
    33 | D        | Reached XP level 3. HP: 22/30 MP: 3/3
    50 | D        | Reached skill level 4 in Fighting
    57 | D        | Found a roughly hewn altar of Beogh.
    57 | D        | Found a snail-covered altar of Cheibriados.
    57 | D        | Found a shadowy altar of Dithmenos.
    57 | D        | Found a white marble altar of Elyvilon.
    57 | D        | Found a blossoming altar of Fedhas.
    57 | D        | Found an opulent altar of Gozag.
    58 | D        | Found a hazy altar of Hepliaklqana.
    59 | D        | Found a viscous altar of Jiyva.
    60 | D        | Found an ancient bone altar of Kikubaaqudgha.
    61 | D        | Found a corrupted altar of Lugonu.
    62 | D        | Found a burning altar of Makhleb.
    63 | D        | Found a sparkling altar of Nemelex Xobeh.
    64 | D        | Found an iron altar of Okawaru.
    65 | D        | Found a stormy altar of Qazlal.
    67 | D        | Became a worshipper of Gozag Ym Sagoz the Greedy
    69 | D        | Found a sacrificial altar of Ru.
    70 | D        | Found a deep blue altar of Sif Muna.
    71 | D        | Found a bloodstained altar of Trog.
    72 | D        | Found a hide-covered altar of Uskayaw.
    73 | D        | Found a radiant altar of Vehumet.
    74 | D        | Found an ornate altar of the Wu Jian Council.
    75 | D        | Found a shimmering altar of Xom.
    76 | D        | Found a basalt altar of Yredelemnul.
    77 | D        | Found a glowing silver altar of Zin.
    78 | D        | Found a glowing golden altar of the Shining One.
   261 | D        | Noticed an ice beast
   261 | D        | Noticed a sky beast
   261 | D        | Noticed a wraith
   261 | D        | Noticed a water moccasin
   271 | D        | Killed a water moccasin
   271 | D        | Reached skill level 5 in Fighting
   271 | D        | Reached skill level 5 in Staves
   271 | D        | Reached skill level 5 in Dodging
   271 | D        | Reached XP level 4. HP: 28/39 MP: 4/4
   271 | D        | Gained mutation: You have razor-sharp toenails. [demonic ancestry]
   271 | D        | Reached XP level 5. HP: 31/44 MP: 5/5
   285 | D        | Killed a wraith
   285 | D        | Reached skill level 6 in Fighting
   285 | D        | Reached skill level 5 in Armour
   285 | D        | Gained mutation: You have claws for feet. [demonic ancestry]
   285 | D        | Reached XP level 6. HP: 39/53 MP: 6/6
   296 | D        | Killed a sky beast
   296 | D        | Reached skill level 7 in Fighting
   300 | D        | Killed an ice beast
   322 | D        | Noticed a centaur warrior
   322 | D        | Noticed an ice beast
   322 | D        | Noticed an acid dragon
   322 | D        | Noticed a slime creature
   330 | D        | Killed a slime creature
   330 | D        | Reached skill level 8 in Fighting
   330 | D        | Reached XP level 7. HP: 50/62 MP: 7/7
   357 | D        | Killed a centaur warrior
   357 | D        | Reached skill level 9 in Fighting
   357 | D        | Reached XP level 8. HP: 38/72 MP: 8/8
   358 | D        | Reached skill level 10 in Fighting
   488 | D        | Noticed a komodo dragon
   507 | D        | Reached XP level 9. HP: 50/79 MP: 9/9
   508 | D        | Noticed a spiny frog
   516 | D        | Reached skill level 10 in Dodging
   527 | D        | Killed a komodo dragon
   527 | D        | Reached skill level 10 in Staves
   550 | D        | Reached skill level 11 in Fighting
   550 | D        | Reached skill level 10 in Armour
   558 | D        | Killed a spiny frog
   576 | D        | Bought a pair of runed gloves for 195 gold pieces
   576 | D        | Bought a glowing cloak for 195 gold pieces
   832 | D        | Noticed a komodo dragon
   868 | D        | Killed a komodo dragon
   875 | D        | Noticed a spiny frog
   877 | D        | Gained mutation: You are slightly more attuned to the shadows. [demonic ancestry]
   877 | D        | Reached XP level 10. HP: 63/89 MP: 10/10
   894 | D        | Killed a spiny frog
   894 | D        | Reached skill level 12 in Fighting
  1155 | D        | Noticed a lindwurm
  1155 | D        | Noticed a lindwurm
  1166 | D        | Killed a lindwurm
  1170 | D        | Noticed a lindwurm
  1202 | D        | Killed a lindwurm
  1239 | D        | Killed a lindwurm
  1539 | D        | Reached skill level 13 in Fighting
  1810 | D        | Noticed an orc knight
  1810 | D        | Noticed an orc knight
  1819 | D        | Killed an orc knight
  1829 | D        | Gained mutation: You regenerate a little health from kills. [demonic ancestry]
  1829 | D        | Reached XP level 11. HP: 69/98 MP: 11/11
  1833 | D        | Noticed an orc knight
  1841 | D        | Killed an orc knight
  1872 | D        | Killed an orc knight
  1988 | D        | Noticed an orc knight
  1988 | D        | Noticed an orc knight
  1989 | D        | Found Sagasiysch's Distillery.
  1997 | D        | Killed an orc knight
  2002 | D        | Found Awijude's Book Shop.
  2022 | D        | Killed an orc knight
  2023 | D        | Found Kickoa's Gadget Boutique.
  2029 | D        | Found Wurakhlof's Distillery.
  2040 | D        | Noticed an orc high priest
  2057 | D        | Killed an orc high priest
  2057 | D        | Reached skill level 14 in Fighting
  2118 | D        | Bought a +3 lajatang of electrocution for 817 gold pieces
  2303 | D        | Killed an unseen horror
  2324 | D        | Killed an unseen horror
  2331 | D        | Killed an unseen horror
  2333 | D        | Noticed a deep troll earth mage
  2334 | D        | Noticed a fire giant
  2334 | D        | Noticed a fire dragon
  2337 | D        | Noticed a brown very ugly thing
  2340 | D        | Killed a deep troll earth mage
  2341 | D        | Noticed a centaur warrior
  2346 | D        | Noticed a red very ugly thing
  2350 | D        | Noticed a stone giant
  2350 | D        | Killed a fire giant
  2364 | D        | Killed a brown very ugly thing
  2364 | D        | Reached skill level 15 in Fighting
  2364 | D        | Gained mutation: You regenerate health from kills. [demonic ancestry]
  2364 | D        | Reached XP level 12. HP: 102/109 MP: 12/12
  2372 | D        | Killed a brown very ugly thing
  2380 | D        | Killed a fire dragon
  2389 | D        | Killed a stone giant
  2395 | D        | Killed a centaur warrior
  2422 | D        | Bought a scarf of cloud immunity for 84 gold pieces
  2422 | D        | Bought the +4 chain mail of Vehumet {MR+ Dex+4} for 546 gold pieces
  2723 | D        | Noticed a thorn hunter
  2730 | D        | Killed a thorn hunter
  2730 | D        | Reached skill level 15 in Dodging
  2740 | D        | Noticed a six-headed hydra
  2749 | D        | Reached skill level 16 in Fighting
  2749 | D        | Reached skill level 15 in Staves
  2758 | D        | Killed a nine-headed hydra
  2846 | D        | Reached skill level 15 in Armour
  2864 | D        | Killed a ghost moth
  2905 | D        | Noticed a merfolk impaler
  2905 | D        | Noticed a satyr
  2910 | D        | Killed a satyr
  2918 | D        | Killed a merfolk impaler
  2918 | D        | Gained mutation: You are partially covered in iridescent scales. (AC +2) [demonic ancestry]
  2918 | D        | Reached XP level 13. HP: 86/119 MP: 7/13
  2940 | D        | Reached skill level 17 in Fighting
  2963 | D        | Noticed a nagaraja
  2970 | D        | Killed a nagaraja
  3340 | D        | Noticed Nergalle
  3349 | D        | Killed Nergalle
  3372 | D        | Noticed Frances
  3390 | D        | Killed Frances
  3618 | D        | Noticed a vampire knight
  3618 | D        | Noticed a red very ugly thing
  3629 | D        | Reached skill level 18 in Fighting
  3636 | D        | Killed a red very ugly thing
  3637 | D        | Noticed a fire giant
  3651 | D        | Killed a fire giant
  3668 | D        | Noticed a fire giant
  3673 | D        | Noticed a green very ugly thing
  3680 | D        | Noticed a frost giant
  3683 | D        | Killed a vampire knight
  3691 | D        | Killed from afar by a fire giant

Vault maps used:
D:        linesprint

Skill      XL: |  1  2  3  4  5  6  7  8  9 10 11 12 13 |
---------------+----------------------------------------+-----
Staves         | 3 4 5 6 7 9 11 12 14 15 17 | 17.4
Dodging        | 3 4 5 6 8 9 11 12 14 15 17 | 17.4
Armour         | 1 2 4 5 7 9 10 12 14 15 17 | 17.2
Fighting       | 3 5 6 8 9 10 11 13 15 16 18 | 18.5
Throwing       | |  1.7

Action                   |  1- 3 |  4- 6 |  7- 9 | 10-12 | 13-15 || total
-------------------------+-------+-------+-------+-------+-------++-------
Melee: Quarterstaff      |    46 |    47 |   130 |   339 |       ||   562
       Kick              |    11 |     9 |    45 |   218 |    81 ||   364
       Lajatang          |       |       |       |   154 |   156 ||   310
Invok: Call Merchant     |       |       |     2 |     5 |     1 ||     8
  Use: Potion            |     1 |       |     2 |    10 |     6 ||    19
       Scroll            |       |       |       |     6 |       ||     6
 Stab: Distracted        |       |       |     1 |     2 |       ||     3
       Confused          |       |       |       |     4 |       ||     4
  Eat: Bread ration      |       |       |     1 |       |       ||     1
       Meat ration       |       |       |       |     1 |       ||     1
Armor: Leather armour    |    11 |       |       |       |       ||    11
       Ring mail         |     2 |     4 |    15 |    41 |       ||    62
       Chain mail        |       |       |       |    34 |    48 ||    82
Dodge: Dodged            |    32 |    14 |    63 |   221 |   102 ||   432
